[Event "Gibraltar Amateurs A 2020"]
[Site "Caleta"]
[Date "2020.01.21"]
[Round "2.6"]
[White "D`haluin, Wim"]
[Black "Johansson, Daniel"]
[Result "0-1"]
[ECO "D02"]
[WhiteElo "1686"]
[BlackElo "1859"]
[Annotator "NA"]
[PlyCount "54"]
[EventDate "2020.01.20"]
[EventType "swiss"]
[EventCountry "GGB"]
[SourceTitle "playchess.com"]
[Source "ChessBase"]
[SourceQuality "1"]
[TimeControl "6600+10"]

1. d4 Nf6 2. Nf3 e6 3. Bf4 d5 4. e3 Bd6 5. Bg5 (5. Bxd6 cxd6 6. c4 O-O 7. Nc3 dxc4 8. Bxc4 d5 9. Bd3 Nc6 10. O-O Qd6 11. Rc1 Bd7 12. Nb5 Qb8 13. a3 Rc8 {1-0 (48) Nabaty,T (2669)-Korobov,A (2699) Israel 2019}) 5... h6 6. Bh4 {[%emt 0:00:20] D02: 1 d4 d5 2 Nf3 sidelines, including 2...Nf6 3 g3 and 2...Nf6 3 Bf4} Nbd7 7. Nbd2 O-O 8. c4 c6 9. c5 Bc7 $146 ({Predecessor:} 9... Be7 10. Bd3 Nh7 11. Bg3 Ng5 12. O-O Nxf3+ 13. Nxf3 {1-0 (34) Shein,V (1868)-Hasanov,R Gornozavodsk 2010}) 10. Bd3 b6 11. b4 a5 12. cxb6 Bxb6 13. Ne5 Qc7 14. bxa5 Bxa5 15. Bg3 Nxe5 16. Bxe5 Qe7 17. Rc1 Nd7 18. Bg3 e5 19. dxe5 Nxe5 20. Bxe5 Qxe5 21. Rxc6 Bd7 22. Rc1 Ba4 23. Bc2 $2 (23. Qe2 Qb2 {[%mdl 64] Double Attack} 24. O-O Bxd2 25. Rc5) 23... Bb5 24. Bb3 d4 25. Qf3 $19 dxe3 26. fxe3 Rad8 27. Rd1 Rd3 0-1

[Event "Gibraltar Amateurs A 2020"]
[Site "Caleta"]
[Date "2020.01.21"]
[Round "2.7"]
[White "Marani, Luca"]
[Black "Longdin, Michael"]
[Result "1/2-1/2"]
[ECO "A80"]
[WhiteElo "1796"]
[BlackElo "1680"]
[Annotator "NA"]
[PlyCount "156"]
[EventDate "2020.01.20"]
[EventType "swiss"]
[EventCountry "GGB"]
[SourceTitle "playchess.com"]
[Source "ChessBase"]
[SourceQuality "1"]
[TimeControl "6600+10"]

1. Nc3 e6 2. d4 f5 3. e4 fxe4 4. Nxe4 Be7 5. Bd3 d5 6. Ng5 Nf6 7. Bxh7 Nxh7 8. Qh5+ Kd7 9. Nf7 Qe8 10. Qg6 Nf8 11. Qxg7 Rh7 12. Ne5+ Kd8 13. Qg8 Nc6 14. Ngf3 Nxe5 15. Nxe5 Bf6 16. Bg5 Bxg5 17. Qxg5+ Qe7 18. Qd2 Rg7 19. O-O-O Ng6 20. Nd3 Bd7 21. Rde1 c6 22. f4 Qf6 23. c3 Kc7 24. Rhf1 Rag8 25. g3 Ne7 26. Rf2 Nf5 27. Rfe2 Nd6 28. Nc5 Re8 29. Qc2 b6 30. Nd3 Ne4 31. Qa4 Kb7 32. Qb4 Qe7 33. Qb3 Qd6 34. Qc2 Rgg8 35. Ne5 Rc8 36. Kb1 c5 37. dxc5 Rxc5 38. Rd1 Bb5 39. Rxe4 Rd8 40. Red4 Qc7 41. g4 Rf8 42. Qd2 Qh7+ 43. Ka1 Rcc8 44. Qf2 Qh6 45. f5 exf5 46. gxf5 Qf6 47. Qf4 Rce8 48. Ng4 Qxf5 49. Qxf5 Rxf5 50. a4 Bc6 51. h4 Rh8 52. Ne3 Rf2 53. Rh1 Rh5 54. Rhd1 Rh2 55. Nxd5 Bxd5 56. Rxd5 Rxd5 57. Rxd5 Rxh4 58. b4 Rh2 59. Rd1 Kc6 60. Rb1 Kd5 61. Rb2 Rh1+ 62. Ka2 Kc4 63. Rc2 Rh3 64. Kb2 a6 65. a5 b5 66. Rf2 Rh6 67. Kc2 Rd6 68. Rf4+ Kd5 69. Rd4+ Ke5 70. Rxd6 Kxd6 71. Kd3 Kd5 72. Kd2 Kc4 73. Kc2 Kd5 74. Kb3 Kd6 75. c4 bxc4+ 76. Kxc4 Kc6 77. b5+ axb5+ 78. Kb4 Kb7 1/2-1/2

[Event "Gibraltar Amateurs A 2020"]
[Site "Caleta"]
[Date "2020.01.21"]
[Round "2.8"]
[White "Dennis, Nigel W"]
[Black "Poggio, Freddie"]
[Result "1-0"]
[ECO "B84"]
[WhiteElo "1784"]
[BlackElo "1680"]
[Annotator "NA"]
[PlyCount "67"]
[EventDate "2020.01.20"]
[EventType "swiss"]
[EventCountry "GGB"]
[SourceTitle "playchess.com"]
[Source "ChessBase"]
[SourceQuality "1"]
[TimeControl "6600+10"]

1. e4 c5 2. Nf3 d6 3. d4 cxd4 4. Nxd4 Nf6 5. Nc3 a6 6. Be2 Nc6 7. O-O e6 8. f4 Qb6 9. Be3 e5 10. Nf5 Qc7 11. Ng3 Be7 12. Nd5 Nxd5 13. exd5 exf4 14. Rxf4 Ne5 15. Rf1 O-O 16. a4 Bd7 17. Qd4 Qc5 18. Qd2 Qc7 19. b3 b5 20. a5 Rac8 21. Rfc1 Qc3 22. Qxc3 Rxc3 23. Bd4 Rcc8 24. c4 Bf6 25. Kf1 bxc4 26. bxc4 Bg4 27. Ne4 Bxe2+ 28. Kxe2 Be7 29. c5 Ng6 30. cxd6 Rxc1 31. dxe7 Re8 32. Rxc1 Nf4+ 33. Kf3 Nxd5 34. Nd6 1-0

[Event "Gibraltar Amateurs A 2020"]
[Site "Caleta"]
[Date "2020.01.21"]
[Round "2.9"]
[White "Camara Bordon, Luis Marcos"]
[Black "Dragic, Dragan"]
[Result "0-1"]
[ECO "C54"]
[WhiteElo "1349"]
[BlackElo "1781"]
[Annotator "NA"]
[PlyCount "58"]
[EventDate "2020.01.20"]
[EventType "swiss"]
[EventCountry "GGB"]
[SourceTitle "playchess.com"]
[Source "ChessBase"]
[SourceQuality "1"]
[TimeControl "6600+10"]

1. e4 e5 2. Nf3 Nc6 3. Bc4 Bc5 4. c3 Nf6 5. d3 a6 6. Nbd2 d6 7. Bb3 Ba7 8. Nf1 Ng4 9. Ne3 O-O 10. h3 Nxe3 11. Bxe3 Bxe3 12. fxe3 Qf6 13. O-O Bd7 14. Qe1 Qh6 15. Qf2 Na5 16. Bc2 f5 17. exf5 Bxf5 18. b4 Nc6 19. e4 Be6 20. Rae1 Bxa2 21. Qg3 Qf4 22. Qf2 Be6 23. d4 Bc4 24. d5 Ne7 25. Re2 Ng6 26. Rfe1 Bxe2 27. Qxe2 Qg3 28. Kh1 Rxf3 29. Qxf3 Qxe1+ 0-1

[Event "Gibraltar Amateurs A 2020"]
[Site "Caleta"]
[Date "2020.01.21"]
[Round "2.10"]
[White "Anjali R. Sagar"]
[Black "Clare, Steve"]
[Result "1-0"]
[ECO "B90"]
[WhiteElo "1775"]
[BlackElo "1632"]
[Annotator "NA"]
[PlyCount "95"]
[EventDate "2020.01.20"]
[EventType "swiss"]
[EventCountry "GGB"]
[SourceTitle "playchess.com"]
[Source "ChessBase"]
[SourceQuality "1"]
[TimeControl "6600+10"]

1. e4 c5 2. Nf3 d6 3. d4 cxd4 4. Nxd4 Nf6 5. Nc3 a6 6. f3 e5 7. Nb3 Be6 8. Bg5 Be7 9. Qd2 O-O 10. O-O-O Ne8 11. Be3 Nc7 12. g4 b5 13. Kb1 Nd7 14. h4 Qb8 15. Na5 b4 16. Nc6 Qe8 17. Ne2 a5 18. Nxe7+ Qxe7 19. Qxd6 Qxd6 20. Rxd6 a4 21. Nc1 Rfb8 22. Be2 Nb5 23. Bxb5 Rxb5 24. Rhd1 Rb7 25. Nd3 h6 26. Bf2 b3 27. cxb3 a3 28. bxa3 Rxa3 29. Rd2 Rb5 30. Nb2 Nc5 31. Bxc5 Rxc5 32. Na4 Ra5 33. Kb2 R5xa4 34. Rxe6 Rxa2+ 35. Kc3 Rxd2 36. Re8+ Kh7 37. Kxd2 Rd4+ 38. Kc3 f6 39. h5 Rd1 40. b4 Rf1 41. b5 Rxf3+ 42. Kc4 Rf4 43. Kd5 Rxg4 44. b6 Rg1 45. b7 Rb1 46. b8=Q Rxb8 47. Rxb8 g5 48. Rb7+ 1-0

[Event "Gibraltar Amateurs A 2020"]
[Site "Caleta"]
[Date "2020.01.21"]
[Round "2.12"]
[White "Bussmann, John"]
[Black "White, Gary"]
[Result "1/2-1/2"]
[ECO "B03"]
[WhiteElo "1752"]
[BlackElo "1608"]
[Annotator "NA"]
[PlyCount "129"]
[EventDate "2020.01.20"]
[EventType "swiss"]
[EventCountry "GGB"]
[SourceTitle "playchess.com"]
[Source "ChessBase"]
[SourceQuality "1"]
[TimeControl "6600+10"]

1. e4 Nf6 2. e5 Nd5 3. c4 Nb6 4. d4 d6 5. exd6 exd6 6. Bd3 Nc6 7. Nf3 Bg4 8. Be3 Qf6 9. Nbd2 Be7 10. Ne4 Qg6 11. c5 dxc5 12. dxc5 f5 13. Nc3 Nd7 14. Nd5 O-O 15. Bc4 Kh8 16. Nxe7 Nxe7 17. Qxd7 f4 18. Ne5 Bxd7 19. Nxg6+ Nxg6 20. Bd4 Rae8+ 21. Kd2 Re4 22. Kc3 Bc6 23. f3 Re7 24. Rae1 Rfe8 25. Rxe7 Rxe7 26. Bf2 a6 27. Re1 Rxe1 28. Bxe1 Ne5 29. Be2 g5 30. Bf2 Kg7 31. Bd4 Kf6 32. h3 Kf5 33. Bf2 h5 34. Bd4 Ke6 35. b4 Kd5 36. Bd1 Ke6 37. a4 Ng6 38. Bf2 Ne7 39. Bd4 Nd5+ 40. Kc4 b5+ 41. cxb6 cxb6 42. Bb3 Kd6 43. Bf2 b5+ 44. axb5 Bxb5+ 45. Kd4 Nxb4 46. Be1 Nc6+ 47. Ke4 Bf1 48. g3 Bxh3 49. gxf4 gxf4 50. Kxf4 Bg2 51. Bf7 Bxf3 52. Bc3 Be2 53. Kg5 Kc5 54. Bxh5 Bxh5 55. Kxh5 Kc4 56. Ba1 Kb3 57. Kg4 a5 58. Kf4 Nb4 59. Ke4 a4 60. Bh8 a3 61. Kd4 a2 62. Ke3 Nd5+ 63. Kd3 Nb6 64. Kd2 Nc4+ 65. Kc1 1/2-1/2

[Event "Gibraltar Amateurs A 2020"]
[Site "Caleta"]
[Date "2020.01.21"]
[Round "2.14"]
[White "Jacob, Sydney J"]
[Black "Reyes, Craig"]
[Result "1-0"]
[ECO "C02"]
[WhiteElo "1816"]
[BlackElo "1240"]
[Annotator "NA"]
[PlyCount "41"]
[EventDate "2020.01.20"]
[EventType "swiss"]
[EventCountry "GGB"]
[SourceTitle "playchess.com"]
[Source "ChessBase"]
[SourceQuality "1"]
[TimeControl "6600+10"]

1. e4 e6 2. d4 d5 3. e5 c5 4. c3 a6 5. a4 Nc6 6. Nf3 $11 Be7 7. Bd3 cxd4 8. cxd4 Bb4+ 9. Nbd2 Nge7 10. O-O O-O (10... Bd7 $11 {and Black stays safe.}) 11. Bxh7+ Kh8 12. Bd3 Nf5 13. Nb3 Be7 14. Be3 g6 15. Nfd2 Nxe3 16. fxe3 Kg7 17. Qg4 Bg5 18. Rae1 Qe7 19. g3 Bd7 20. h4 Bh6 21. Rf6 1-0

[Event "Gibraltar Amateurs A 2020"]
[Site "Caleta"]
[Date "2020.01.21"]
[Round "2.15"]
[White "Bullock, Lee"]
[Black "Oueld El Hachemi, Abdelhaq"]
[Result "0-1"]
[ECO "D02"]
[WhiteElo "1509"]
[BlackElo "1788"]
[Annotator "NA"]
[PlyCount "164"]
[EventDate "2020.01.20"]
[EventType "swiss"]
[EventCountry "GGB"]
[SourceTitle "playchess.com"]
[Source "ChessBase"]
[SourceQuality "1"]
[TimeControl "6600+10"]

1. d4 d5 2. Bf4 Nf6 3. e3 Nbd7 4. Nf3 e6 5. Bd3 Bd6 6. Bg3 b6 7. Nbd2 Bb7 8. c3 Qe7 9. Ne5 O-O 10. Qc2 Rfc8 11. Ndf3 Ne4 12. Nxd7 Qxd7 13. Ne5 Qe7 14. f3 Nxg3 15. Bxh7+ Kf8 16. hxg3 Bxe5 17. dxe5 Qg5 18. Kf2 g6 19. f4 Qf5 20. Qxf5 exf5 21. e6 Re8 22. exf7 Kxf7 23. Rh6 Re6 24. Rah1 Kg7 25. Bxg6 Rxg6 26. Rh7+ Kf6 27. Rxc7 Ba6 28. Rhh7 Bb5 29. Rxa7 Rxa7 30. Rxa7 Rg7 31. Ra8 Rc7 32. Rb8 Rc6 33. Rd8 Ke6 34. Kf3 Bd3 35. Re8+ Kf7 36. Ra8 Rh6 37. Ra7+ Ke8 38. g4 fxg4+ 39. Kg3 Kd8 40. Rg7 Bf5 41. Rg5 Rf6 42. Kh4 Ke7 43. Kg3 Ke6 44. Kf2 Rg6 45. Rh5 g3+ 46. Kf1 Bd3+ 47. Ke1 Kd6 48. Rh3 Kc5 49. b3 b5 50. Rh8 Rg7 51. b4+ Kd6 52. Rh6+ Rg6 53. Rh5 Be4 54. Kf1 Ke6 55. Re5+ Kf6 56. Rh5 Bf5 57. Rh8 Kg7 58. Rh5 Bd3+ 59. Ke1 Bc4 60. a3 Kf7 61. Rh7+ Rg7 62. Rh5 Ke8 63. Rh8+ Kd7 64. Ra8 Re7 65. Kd2 Kd6 66. Rg8 Rxe3 67. Rg6+ Re6 68. Rxg3 Bf1 69. Re3 Bxg2 70. Rxe6+ Kxe6 71. Ke3 Bf1 72. Kd4 Bc4 73. Ke3 Kf5 74. Kf3 Bb3 75. Ke3 Kg4 76. Kd4 Kxf4 77. Kd3 Kf3 78. Kd2 Bc4 79. Kc2 Ke3 80. Kb2 Kd2 81. a4 bxa4 82. Ka3 Kxc3 0-1

[Event "Gibraltar Amateurs A 2020"]
[Site "Caleta"]
[Date "2020.01.21"]
[Round "2.17"]
[White "Jimenez Urquijo, Juan Manuel"]
[Black "Krause, Marianne"]
[Result "1-0"]
[ECO "A35"]
[WhiteElo "1567"]
[BlackElo "1609"]
[Annotator "NA"]
[PlyCount "126"]
[EventDate "2020.01.20"]
[EventType "swiss"]
[EventCountry "GGB"]
[SourceTitle "playchess.com"]
[Source "ChessBase"]
[SourceQuality "1"]
[TimeControl "6600+10"]

1. Nf3 c5 2. c4 g6 3. d4 cxd4 4. Nxd4 Bg7 5. e3 Nf6 6. Nc3 Nc6 7. Be2 O-O 8. a3 d6 9. O-O a6 10. Bf3 Qc7 11. b3 Rb8 12. Bb2 Re8 13. Nd5 Nxd5 14. cxd5 Nxd4 15. Bxd4 Bxd4 16. Qxd4 Bd7 17. Rfc1 Qd8 18. Rc3 Rc8 19. Rac1 Rxc3 20. Rxc3 Qb8 21. Bg4 f5 22. Be2 Rc8 23. h4 Rxc3 24. Qxc3 Qc8 25. Qxc8+ Bxc8 26. Kh2 Kf7 27. Kg3 Kf6 28. f4 e5 29. dxe6 Bxe6 30. Bd1 Bd5 31. Kf2 Be4 32. g3 a5 33. b4 axb4 34. axb4 h6 35. Ke2 Ke7 36. Kd2 Kd8 37. Ba4 Ke7 38. Kc3 Kd8 39. Kd4 Ke7 40. Bb3 Bc6 41. Bc4 Be4 42. Bd5 Bxd5 43. Kxd5 Kd7 44. h5 gxh5 45. b5 Ke7 46. b6 Kd7 47. e4 fxe4 48. Kxe4 Ke6 49. f5+ Kf6 50. Kd5 Kxf5 51. Kxd6 Kg4 52. Kc7 Kxg3 53. Kxb7 h4 54. Ka7 h3 55. b7 h2 56. b8=Q+ Kg2 57. Qb2+ Kg1 58. Qc1+ Kg2 59. Qd2+ Kg1 60. Qd1+ Kg2 61. Qg4+ Kh1 62. Qf3+ Kg1 63. Qg3+ Kh1 1-0

[Event "Gibraltar Amateurs A 2020"]
[Site "Caleta"]
[Date "2020.01.21"]
[Round "2.19"]
[White "Sedgwick, David"]
[Black "Dhanwani, Aditya"]
[Result "1-0"]
[ECO "C02"]
[WhiteElo "1894"]
[BlackElo "1565"]
[Annotator "NA"]
[PlyCount "49"]
[EventDate "2020.01.20"]
[EventType "swiss"]
[EventCountry "GGB"]
[SourceTitle "playchess.com"]
[Source "ChessBase"]
[SourceQuality "1"]
[TimeControl "6600+10"]

1. e4 e6 2. d4 d5 3. e5 c5 4. c3 Qb6 5. Nf3 Nc6 6. Bd3 Bd7 7. O-O cxd4 8. cxd4 Nxd4 9. Nxd4 Qxd4 10. Nc3 a6 11. Qe2 Qa7 12. Kh1 Ne7 13. f4 g6 14. Be3 $11 d4 15. Bg1 Bg7 16. Ne4 Nf5 17. Rac1 O-O 18. Nf6+ Bxf6 19. exf6 Rac8 20. Qf2 Ne3 21. Qh4 h5 22. Qg5 Kh7 23. Qxh5+ Kg8 24. Qh6 Nf5 25. Bxf5 1-0

[Event "Gibraltar Amateurs A 2020"]
[Site "Caleta"]
[Date "2020.01.21"]
[Round "3.1"]
[White "Johansson, Daniel"]
[Black "Ashwani Kumar Grover"]
[Result "0-1"]
[ECO "A13"]
[WhiteElo "1859"]
[BlackElo "1731"]
[Annotator "NA RC"]
[PlyCount "110"]
[EventDate "2020.01.20"]
[EventType "swiss"]
[EventCountry "GGB"]
[SourceTitle "playchess.com"]
[Source "ChessBase"]
[SourceQuality "1"]
[TimeControl "6600+10"]

1. Nf3 e6 2. c4 d5 3. e3 Nf6 4. Be2 Be7 5. O-O O-O 6. b3 b6 7. Bb2 Bb7 8. Nc3 Nbd7 9. cxd5 {[%emt 0:01:08] A13: English Opening: 1...e6} (9. Rc1 c5 10. Rc2 Rc8 11. Qa1 Bd6 12. cxd5 exd5 13. d4 a6 14. dxc5 bxc5 15. Rd1 Qe7 16. g3 Rfe8 {0-1 (36) Brunello,S (2556)-Valsecchi,A (2501) Cosenza 2017}) 9... Nxd5 10. Nxd5 Bxd5 11. d3 c5 12. Nd2 $146 ({Predecessor:} 12. Qc2 Rc8 13. Rac1 Bf6 14. Rfd1 Bb7 15. a3 Qe7 16. Qb1 Rfd8 17. Rc2 Bxb2 18. Qxb2 Qf6 19. b4 Qxb2 20. Rxb2 {0-1 (44) Nikolic,B (2236)-Dudukovic,N (2210) Vrnjacka Banja 2009}) 12... Bf6 13. Qc2 Rc8 14. Bf3 Ne5 15. Be2 Nc6 16. a3 Bxb2 17. Qxb2 e5 18. Rad1 f5 19. Bf3 Bf7 20. Nc4 Bd5 21. Nxe5 Nxe5 22. Qxe5 Bxb3 23. Rd2 Kh8 24. Rb1 Bf7 25. Rbb2 Bg8 26. g3 Qf6 27. Qxf6 Rxf6 28. Kf1 Rd8 29. Bd1 Rfd6 30. Ke2 Bd5 31. Bb3 Bc6 32. a4 g5 33. Ra2 g4 34. Kd1 $2 ({White should try} 34. Bc4 $15) 34... Rxd3 35. Be6 Rxd2+ 36. Rxd2 Rxd2+ 37. Kxd2 Be4 38. Kc3 Kg7 $19 39. Kc4 Kf6 40. Bg8 $2 (40. Bd7) 40... Bb1 41. Kb5 Bd3+ 42. Kc6 c4 43. Kb7 c3 44. Bb3 c2 45. Bxc2 Bxc2 46. Kxa7 Bxa4 47. Kxb6 Ke5 48. Kc5 Be8 49. Kc4 Ke4 50. Kc5 Kf3 51. Kd6 Kxf2 52. Ke5 Kxe3 53. Kxf5 h5 54. Kg5 Kf3 55. Kh4 Kg2 0-1

[Event "Gibraltar Amateurs A 2020"]
[Site "Caleta"]
[Date "2020.01.21"]
[Round "3.2"]
[White "Kuenitz, Klaus"]
[Black "Dennis, Nigel W"]
[Result "0-1"]
[ECO "E61"]
[WhiteElo "1726"]
[BlackElo "1784"]
[Annotator "NA RC"]
[PlyCount "76"]
[EventDate "2020.01.20"]
[EventType "swiss"]
[EventCountry "GGB"]
[SourceTitle "playchess.com"]
[Source "ChessBase"]
[SourceQuality "1"]
[TimeControl "6600+10"]

1. d4 Nf6 2. c4 g6 3. Nc3 Bg7 4. Nf3 O-O 5. Bf4 d6 6. e3 Nbd7 7. Be2 c5 8. h3 b6 9. O-O Bb7 10. d5 a6 11. a4 Qc7 12. Qd2 Rad8 13. Rfe1 Ne8 14. Rad1 Ndf6 15. Bf1 Nh5 16. Bh2 e5 17. dxe6 fxe6 18. Ng5 Qe7 19. Nge4 d5 20. Ng3 Nxg3 21. Bxg3 Nf6 22. Qc2 Rd7 23. f3 Rfd8 24. Qb3 Ba8 25. cxd5 Nxd5 26. Nxd5 Bxd5 27. Qc2 b5 28. axb5 axb5 29. b3 Bc6 30. Rxd7 Rxd7 31. Rc1 Bf8 32. e4 Bh6 33. f4 e5 34. Qxc5 exf4 35. Qxe7 Rxe7 36. Bh4 Re6 37. e5 f3 38. gxf3 Bxc1 0-1

[Event "Gibraltar Amateurs A 2020"]
[Site "Caleta"]
[Date "2020.01.21"]
[Round "3.3"]
[White "Dragic, Dragan"]
[Black "Zitan, Abdelhay"]
[Result "1/2-1/2"]
[ECO "D37"]
[WhiteElo "1781"]
[BlackElo "1705"]
[Annotator "NA RC"]
[PlyCount "52"]
[EventDate "2020.01.20"]
[EventType "swiss"]
[EventCountry "GGB"]
[SourceTitle "playchess.com"]
[Source "ChessBase"]
[SourceQuality "1"]
[TimeControl "6600+10"]

1. d4 d5 2. c4 e6 3. Nc3 Nf6 4. Nf3 Be7 5. Bf4 O-O 6. e3 a6 7. Bd3 dxc4 8. Bxc4 b5 9. Bd3 Bb7 10. Qc2 Nbd7 11. Rd1 Rc8 12. Ng5 h6 13. h4 Bd6 14. Be5 Qe7 15. f4 Rfd8 16. Nf3 Ng4 17. Qe2 Ndf6 18. e4 Bb4 19. Nh2 Nxe5 20. fxe5 Nxe4 21. Bxe4 Bxc3+ 22. Kf1 Bxe4 23. bxc3 Qxh4 24. Kg1 Bd5 25. Ng4 Qg5 26. Rh5 Qg6 1/2-1/2

[Event "Gibraltar Amateurs A 2020"]
[Site "Caleta"]
[Date "2020.01.21"]
[Round "3.6"]
[White "Nebel, Uwe"]
[Black "Collins, Andrew"]
[Result "1-0"]
[ECO "C94"]
[WhiteElo "1847"]
[BlackElo "1720"]
[Annotator "NA RC"]
[PlyCount "45"]
[EventDate "2020.01.20"]
[EventType "swiss"]
[EventCountry "GGB"]
[SourceTitle "playchess.com"]
[Source "ChessBase"]
[SourceQuality "1"]
[TimeControl "6600+10"]

1. e4 e5 2. Nf3 Nc6 3. Bb5 a6 4. Ba4 Nf6 5. O-O b5 6. Bb3 Be7 7. Re1 d6 8. h3 O-O 9. c3 Nb8 10. d3 c5 11. Nbd2 Bb7 {[%emt 0:00:41] C94: Closed Ruy Lopez: Breyer Variation with 10 d3} 12. Nf1 h6 (12... Nbd7 13. Ng3 Re8 14. a4 Rc8 15. axb5 axb5 16. Nf5 c4 17. dxc4 bxc4 18. Bc2 Nc5 19. Bg5 {½-½ (45) Short,N (2688)-Amin,B (2680) Abu Dhabi 2017}) 13. Ng3 Re8 14. Nf5 $146 ({Predecessor:} 14. Nh2 Bf8 15. Ng4 Nbd7 16. Qf3 Rc8 17. c4 Nxg4 18. hxg4 {½-½ (58) Amanov,Z (2390)-Kovalev,V (2320) Alushta 2009}) 14... Bf8 15. Nh2 Nbd7 16. Ng4 Qc7 17. Bxh6 c4 18. Bxg7 Bxg7 19. Qd2 Nh7 ({Avoid the trap} 19... cxb3 $2 {[#]} 20. Qg5 $1 $18 ) ({Black should play} 19... Re6 $1 $14 20. Ngh6+ Kf8 21. Nxg7 Kxg7 22. Nf5+ Kf8 23. Qh6+ Ke8 24. Qh8+ Nf8 25. Ng7+ Ke7 26. dxc4 bxc4 27. Nf5+ Kd7 28. Ba4+ Bc6 29. Bxc6+ Qxc6) 20. Ngh6+ Kf8 21. dxc4 bxc4 {[%emt 0:07:06] [#]} (21... Re6 $16 {is a better defense.}) 22. Bxc4 $1 Qxc4 (22... Ndf6 $18) 23. Qxd6+ {[%emt 0:00:10] Double Attack} 1-0

[Event "Gibraltar Amateurs A 2020"]
[Site "Caleta"]
[Date "2020.01.21"]
[Round "3.7"]
[White "O Muireagain, Colm"]
[Black "Jacob, Sydney J"]
[Result "1-0"]
[ECO "B07"]
[WhiteElo "1376"]
[BlackElo "1816"]
[Annotator "NA RC"]
[PlyCount "144"]
[EventDate "2020.01.20"]
[EventType "swiss"]
[EventCountry "GGB"]
[SourceTitle "playchess.com"]
[Source "ChessBase"]
[SourceQuality "1"]
[TimeControl "6600+10"]

1. e4 d6 2. d4 Nf6 3. Nc3 a6 4. Be3 (4. f4 b5 5. e5 b4 6. Qf3 Ra7 7. exf6 bxc3 8. fxe7 Bxe7 9. Qxc3 O-O 10. Nf3 Bf6 11. Bc4 Re8+ 12. Be3 {1-0 (22) Czebe,A (2473)-Mrva,M (2403) Slovakia 2017}) 4... b5 5. f3 Bb7 6. Qd2 {[%emt 0:02:09] B07: Pirc Defence: Miscellaneous Systems} Nbd7 7. a4 $146 ({Predecessor:} 7. g4 Nb6 8. h4 Nc4 9. Bxc4 bxc4 10. Qe2 d5 11. Nxd5 Nxd5 12. exd5 Qxd5 {0-1 (40) Lukic,L (1757)-Rovcanin,Z (2173) Podgorica 2014}) 7... b4 8. Nd1 a5 9. Bb5 c6 10. Bd3 e6 (10... e5 $11) 11. Ne2 Be7 12. O-O O-O 13. Ng3 Ba6 14. Bxa6 Rxa6 15. Qe2 Ra8 16. f4 Nb6 17. f5 e5 18. dxe5 dxe5 19. b3 Nbd7 20. Nb2 Bc5 21. Rad1 Bxe3+ 22. Qxe3 Ng4 23. Qf3 Ngf6 24. Nc4 Qc7 25. Rd2 (25. Nh5 $14) 25... Nb6 26. Nxb6 Qxb6+ 27. Qf2 Qxf2+ 28. Kxf2 Rfc8 29. Kf3 Kf8 30. Rfd1 Ke7 {[%emt 0:00:18] [#]} (30... c5 $14) 31. Nf1 $1 Rc7 32. Ne3 Nd7 33. Nc4 Ra6 34. g4 f6 35. h4 Nf8 36. g5 Rd7 37. gxf6+ gxf6 38. Kg4 Rxd2 39. Rxd2 Nd7 40. Kh5 Nc5 41. Re2 Ra7 42. Kh6 Kf8 43. Nd2 $2 (43. Rd2 $18 Ke8 44. Nd6+ Kf8 45. Nc8) 43... Rd7 44. Nc4 Ra7 45. Kh5 Ra8 46. Kg4 Ke7 47. Kf3 Nb7 48. Rg2 Kf7 49. h5 Rg8 50. Rxg8 Kxg8 51. h6 Kf7 52. Ke3 Ke7 53. Kd3 Nc5+ 54. Ke3 Nb7 55. Kd2 Kd7 56. c3 Nc5 57. cxb4 axb4 58. a5 Nxb3+ 59. Ke3 Nc5 60. Nb6+ Kc7 61. Nc4 b3 62. Nb2 Kb7 63. Nc4 Na4 64. Kd2 Ka6 65. Nd6 Kxa5 66. Ne8 Kb4 67. Nxf6 b2 68. Kc2 Ka3 69. Nxh7 Ka2 70. Nf6 b1=Q+ 71. Kd2 Qb2+ 72. Ke3 Qc1+ 1-0

[Event "Gibraltar Amateurs A 2020"]
[Site "Caleta"]
[Date "2020.01.21"]
[Round "3.8"]
[White "White, Gary"]
[Black "Marani, Luca"]
[Result "1-0"]
[ECO "A03"]
[WhiteElo "1608"]
[BlackElo "1796"]
[Annotator "NA RC"]
[PlyCount "103"]
[EventDate "2020.01.20"]
[EventType "swiss"]
[EventCountry "GGB"]
[SourceTitle "playchess.com"]
[Source "ChessBase"]
[SourceQuality "1"]
[TimeControl "6600+10"]

1. f4 d5 2. Nf3 c5 3. e3 Nc6 4. Be2 Nf6 5. d3 g6 6. O-O Bg7 7. Qe1 O-O 8. Nbd2 Qb6 9. Bd1 Bd7 10. c3 Rae8 11. Ne5 d4 12. e4 Nxe5 13. fxe5 Ng4 14. Bxg4 Bxg4 15. Nc4 Qc7 16. Bf4 Be6 17. cxd4 Bxc4 18. dxc4 cxd4 19. Qd2 Qxc4 20. Rfc1 Qa4 21. b3 Qd7 22. Rc4 d3 23. Rac1 Rd8 24. Rc7 Qd4+ 25. Qe3 d2 26. Rd1 Bxe5 27. Qxd4 Bxd4+ 28. Kf1 e5 29. Bh6 Rc8 30. Rxb7 Rc1 31. Ke2 Rxd1 32. Kxd1 Rd8 33. Bg5 Rd6 34. Be7 Ra6 35. a4 Be3 36. Rc7 h5 37. Bc5 Bxc5 38. Rxc5 Rb6 39. Rc3 Rd6 40. Re3 Kg7 41. Re2 Kf6 42. Rxd2 Ke6 43. b4 Rd4 44. Rxd4 exd4 45. Kd2 a6 46. Kd3 Ke5 47. b5 a5 48. b6 Kd6 49. Kxd4 Kc6 50. Ke5 Kxb6 51. Kf6 Kc5 52. Kxf7 1-0

[Event "Gibraltar Amateurs A 2020"]
[Site "Caleta"]
[Date "2020.01.21"]
[Round "3.9"]
[White "Oueld El Hachemi, Abdelhaq"]
[Black "Coric, Gojko"]
[Result "1/2-1/2"]
[ECO "B14"]
[WhiteElo "1788"]
[BlackElo "1704"]
[Annotator "NA"]
[PlyCount "51"]
[EventDate "2020.01.20"]
[EventType "swiss"]
[EventCountry "GGB"]
[SourceTitle "playchess.com"]
[Source "ChessBase"]
[SourceQuality "1"]
[TimeControl "6600+10"]

1. c4 e6 2. Nc3 c6 3. e4 d5 4. cxd5 exd5 5. exd5 cxd5 6. d4 Nc6 7. Nf3 Nf6 8. Bd3 Bg4 9. Be3 a6 10. h3 Bh5 11. O-O Bd6 12. Bg5 Be7 13. Re1 O-O 14. Bf5 Bxf3 15. gxf3 Qd6 16. Qd2 Nh5 17. Be3 Rae8 18. Kh1 Nf6 19. a3 Nh5 20. Bg4 Nf6 21. Bf4 Qd8 22. Bf5 Nh5 23. Be3 g6 24. Rg1 Ng7 25. Bd3 Bf6 26. Ne2 1/2-1/2

[Event "Gibraltar Amateurs A 2020"]
[Site "Caleta"]
[Date "2020.01.21"]
[Round "3.10"]
[White "Longdin, Michael"]
[Black "Bussmann, John"]
[Result "0-1"]
[ECO "D02"]
[WhiteElo "1680"]
[BlackElo "1752"]
[Annotator "NA"]
[PlyCount "72"]
[EventDate "2020.01.20"]
[EventType "swiss"]
[EventCountry "GGB"]
[SourceTitle "playchess.com"]
[Source "ChessBase"]
[SourceQuality "1"]
[TimeControl "6600+10"]

1. d4 d5 2. Bf4 Nf6 3. e3 c5 4. c3 Nc6 5. Nf3 Qb6 6. b3 g6 7. Bd3 Bg7 8. Nbd2 O-O 9. h4 Bg4 10. Qc2 cxd4 11. exd4 Rac8 12. Qb2 Rfe8 13. Ne5 Nh5 14. Bh2 Nxe5 15. dxe5 Bh6 16. Kf1 Nf4 17. Bxf4 Bxf4 18. Re1 Red8 19. Bb1 Qc7 20. c4 dxc4 21. Nxc4 b5 22. Ne3 Bxe5 23. Qa3 b4 24. Qxb4 Be6 25. Qe4 Rd4 26. Qf3 Rf4 27. Qe2 Bd4 28. Kg1 Qb6 29. h5 Qc5 30. hxg6 fxg6 31. Bd3 Rcf8 32. Qc2 Qxc2 33. Bxc2 Rxf2 34. Bb1 Bc8 35. Nc4 Bb7 36. Rh2 Rf1# 0-1